Map: Ulrena

Players

Rodzyn - Winner!

  • Race: Protoss Protoss
  • League: Grandmaster

Miszu

  • Race: Terran Terran
  • League: Grandmaster

VOD

Have the link to the VOD?

Description

Time

  • Played on: Feb. 8, 2016, 10:40 a.m.
  • Length: 4:16
Show
View Real Time Build Order
Export as new Build Order

Rodzyn Protoss - Winner!

Build Orders:  

Get SALT Encoding   

  12  0:00  Probe (Chrono Boost)  
  13  0:12  Probe (Chrono Boost)  
  14  0:18  Pylon  
  14  0:22  Probe (Chrono Boost)  
  15  0:37  Gateway, Probe (Chrono Boost)  
  16  0:44  Assimilator  
  16  0:47  Probe (Chrono Boost)  
  17  0:58  Probe (Chrono Boost)  
  18  1:08  Probe (Chrono Boost)  
  19  1:22  Gateway  
  19  1:25  Cybernetics Core  
  19  1:38  Zealot (Chrono Boost)  
  21  1:42  Pylon  
  20  2:04  Stalker (Chrono Boost)  
  20  2:05  Mothership Core  
  24  2:09  Pylon  
  23  2:30  Stalker (Chrono Boost)  
  23  2:40  Probe  
  26  2:44  Assimilator  
  26  2:47  Stalker (Chrono Boost)  
  24  3:09  Probe  
  24  3:11  Stalker (Chrono Boost)  
  27  3:21  Probe  
  27  3:35  Pylon  
  27  3:40  Mothership Core (Chrono Boost)  
  28  3:43  Stalker  
Show
View Real Time Build Order
Export as new Build Order

Miszu Terran 

Build Orders:  

Get SALT Encoding   

  12  0:00  SCV  
  13  0:13  SCV  
  14  0:18  Supply Depot  
  14  0:26  SCV  
  15  0:42  Barracks  
  15  0:51  Barracks  
  15  1:04  Barracks  
  15  1:29  Marine  
  16  1:33  Barracks  
  16  1:38  Supply Depot, Marine  
  17  1:47  Marine  
  18  1:55  Marine  
  18  2:02  Marine  
  18  2:05  Marine  
  20  2:13  Marine  
  20  2:20  Marine  
  21  2:23  Marine  
  21  2:29  Marine  
  22  2:31  Marine  
  23  2:38  Marine  
  23  2:41  Marine  
  23  2:47  Marine  
  23  2:49  Marine  
  25  2:56  Marine  
  24  2:58  Marine  
  24  3:05  Marine  
  23  3:07  Marine  
  24  3:13  Marine  
  24  3:16  Marine  
  25  3:23  Marine  
  25  3:24  Marine  
  26  3:31  Marine  
  26  3:34  Marine  
  26  3:37  Supply Depot  
  26  3:41  Marine  
  28  3:47  Marine  
  26  3:58  Marine  
Tags
 
Add a new tag
Caveats
  • Supply blocks, unpowered buildings, or Contaminate may cause inaccurate times.
  • Supply counts are checked every 10 seconds.